 Dungeon Crawl Stone Soup version 0.18.1-48-g4cf74bf (webtiles) character file.

4745 Drashi the Fighter (level 10, -9/115 HPs)
             Began as an Ogre Berserker on Aug 9, 2016.
             Was an Elder of Trog.
             Mangled by a two-headed ogre
             ... wielding a +0 giant club
              (16 damage)
             ... on level 8 of the Dungeon.
             The game lasted 00:24:45 (9519 turns).

Drashi the Fighter (Ogre Berserker)                 Turns: 9519, Time: 00:24:46

Health: -9/115     AC:  5    Str: 27    XL:     10   Next: 46%
Magic:  0/10       EV: 12    Int:  6    God:    Trog [****..]
Gold:   237        SH:  0    Dex:  9    Spells: 0 memorised, 9 levels left

rFire  . . .     SeeInvis +     z - +1 war axe
rCold  . . .     Gourm    .     b - +1 animal skin
rNeg   . . .     Faith    .     (no shield)
rPois  .         Spirit   +     (helmet restricted)
rElec  .         Dismiss  .     G - +0 cloak
rCorr  .         Reflect  .     (gloves unavailable)
SustAt .         Harm     .     (boots unavailable)
MR     ++...                    m - amulet of guardian spirit
Stlth  ++........               l - ring of protection from magic
                                j - ring of see invisible

@: exhausted, slowed, very slow, very resistant to hostile enchantments,
unstealthy
A: unfitting armour, tough skin 1
a: Berserk, Trog's Hand, Brothers in Arms, Burn Spellbooks, Renounce Religion


You were on level 8 of the Dungeon.
You worshipped Trog.
Trog was greatly pleased with you.
You were very hungry.

You visited 1 branch of the dungeon, and saw 8 of its levels.

You collected 334 gold pieces.
You spent 97 gold pieces at shops.

Inventory:

Hand Weapons
 a - a +0 hand axe
 o - a +0 dagger of venom
 z - a +1 war axe (weapon)
 A - a +1 morningstar of holy wrath
 C - the +3 hand axe "Cekaeq" {freeze, *Corrode rPois MP+9 Stlth-}
   (You found it on level 4 of the Dungeon)

   It has been specially enchanted to freeze those struck by it, causing extra
   injury to most foes and up to half again as much damage against particularly
   susceptible opponents.
   It can also slow down cold-blooded creatures.
   It protects you from poison.
   It affects your magic capacity (+9).
   It may corrode you when you take damage.
   It makes you less stealthy.
Armour
 b - a +1 animal skin (worn)
 G - a +0 cloak (worn)
Jewellery
 i - a +4 ring of protection {unknown}
 j - a ring of see invisible (left hand)
 l - a ring of protection from magic (right hand)
 m - an amulet of guardian spirit (around neck)
 w - an uncursed ring of ice {unknown}
 B - an uncursed ring of fire
 F - an uncursed amulet of regeneration {unknown}
 J - an uncursed ring of fire
Wands
 D - a wand of flame (22/48)
Scrolls
 d - a scroll of random uselessness
 e - 5 scrolls of identify
 g - a scroll of fog {unknown}
 x - 3 scrolls of enchant armour
 y - a scroll of teleportation {unknown}
 E - a scroll of fear
 I - 4 scrolls of blinking {unknown}
 L - a scroll of remove curse
Potions
 h - 2 potions of heal wounds {unknown}
 k - a potion of agility {unknown}
 n - 2 potions of flight {unknown}
 q - 4 potions of curing
 r - 4 potions of brilliance {unknown}
 s - a potion of berserk rage {unknown}
 t - 3 potions of degeneration {unknown}
 v - a potion of cancellation {unknown}
 K - a potion of haste {unknown}
 N - 2 potions of mutation {unknown}
 O - a potion of lignification {unknown}
 P - a potion of magic {unknown}
Books
 R - a book of the Sky

   Spells                             Type                      Level
   a - Summon Lightning Spire         Summoning/Air                4
   b - Airstrike                      Air                          4
   c - Silence                        Hexes/Air                    5
   d - Deflect Missiles               Charms/Air                   6
   e - Conjure Ball Lightning         Conjuration/Air              6
   f - Tornado                        Air                          9
   Trog disapproves of the use of such an item.
Comestibles
 c - 11 bread rations
 f - 3 beef jerkies
 p - 4 fruits
 u - 6 meat rations
 H - 2 royal jellies
 M - a slice of pizza
 Q - a chunk of flesh


   Skills:
 * Level 11.9 Fighting
 * Level 7.1 Axes
 + Level 7.7 Dodging
 + Level 2.7 Stealth


You had 9 spell levels left.
You didn't know any spells.

Dungeon Overview and Level Annotations

Branches:
Dungeon (8/15)             Temple (0/1) D:7
   Lair: D:8-11

Altars:
Cheibriados
Makhleb
Okawaru
Ru
Vehumet
Yredelemnul

Shops:
D:6 *   D:7 *


Innate Abilities, Weirdness & Mutations

You are too large for most types of armour.
You have tough skin (AC +1).


Message History

You hit the two-headed ogre.
The two-headed ogre is lightly wounded.
The two-headed ogre barely misses you. x2
The two-headed ogre closely misses you.
The two-headed ogre hits you with a giant club!
Some of the chunks of flesh in your inventory have rotted away.
You slice the two-headed ogre!!
The two-headed ogre is severely wounded.
The two-headed ogre hits you with a giant club!
* * * LOW HITPOINT WARNING * * *
The two-headed ogre closely misses you.
You are too injured to fight recklessly!
You are too injured to fight recklessly!
You are too injured to fight recklessly!
You slash the two-headed ogre!
The two-headed ogre is almost dead.
The two-headed ogre hits you with a giant club!!
* * * LOW HITPOINT WARNING * * *
The two-headed ogre hits you with a giant club!
You die...

....# ###
#...######..###
#............#
#............
#........# #.....).#
#.†)....# #..)....##
##### ##......@.#
....#####.)......O#
####..##...........#
# ##........###....#
####...### ##.....
##..# ...... ###
#..# ...##.. ..##
#.## ..## #. ...##
#.#


You could see a two-headed ogre.

Vanquished Creatures
  The ghost of Eukament the Digger, a novice GrEE (D:6)
  Psyche (D:8)
  Grinder (D:6)
  A spriggan (D:7)
  The ghost of Tagedieb the Vexing, an amateur SpEn of Dithmenos (D:4)
  2 wyverns
  Eustachio (D:5)
  A hungry ghost (D:8)
  Menkaure (D:6)
  An ice beast (D:6)
  An orc warrior (D:8)
  A sky beast (D:6)
  A phantom (D:4)
  A black bear (D:6)
  9 ogres
  2 centaurs
  A crocodile (D:8)
  The ghost of humperndinck the Ducker, an amateur GrGl of Okawaru (D:3)
  3 giant frogs
  A big kobold (D:8)
  A water moccasin zombie (D:4)
  A water moccasin skeleton (D:8)
  A howler monkey (D:8)
  A crimson imp (D:5)
  A giant frog zombie (D:6)
  5 hounds
  Crazy Yiuf (D:6)
  5 orc priests
  Jessica (D:2)
  3 iguanas
  Ijyb (D:2)
  Natasha (thrice) (D:2)
  4 orc wizards
  2 worker ants
  A hound zombie (D:6)
  A hound skeleton (D:6)
  A mummy (D:4)
  5 adders
  2 shadow imps
  2 oozes
  An adder zombie (D:5)
  An adder skeleton (D:4)
  5 worms
  A dart slug (D:2)
  6 giant geckos
  24 orcs
  2 ball pythons (D:3)
  8 giant cockroaches
  7 goblins
  8 hobgoblins
  16 jackals
  9 kobolds
  3 quokkas
  4 bats
  A giant gecko skeleton (D:5)
  7 giant newts
  A jackal skeleton (D:5)
  2 orc zombies (D:4)
  5 rats
185 creatures vanquished.

Notes
Turn   | Place    | Note
--------------------------------------------------------------
     0 | D:1      | Drashi the Ogre Berserker began the quest for the Orb.
     0 | D:1      | Reached XP level 1. HP: 24/24 MP: 1/1
    83 | D:1      | Reached XP level 2. HP: 27/33 MP: 2/2
   959 | D:2      | Reached XP level 3. HP: 36/40 MP: 3/3
   965 | D:2      | Reached ** piety under Trog
   982 | D:2      | Noticed Ijyb
   984 | D:2      | Noticed Natasha
   992 | D:2      | Killed Ijyb
   992 | D:2      | Reached skill level 5 in Fighting
   994 | D:2      | Killed Natasha
   994 | D:2      | Reached XP level 4. HP: 31/50 MP: 2/4
  1037 | D:2      | Noticed Natasha
  1048 | D:2      | Killed Natasha
  1307 | D:2      | Noticed Jessica
  1324 | D:2      | Killed Jessica
  1324 | D:2      | Reached XP level 5. HP: 43/58 MP: 3/5
  1486 | D:2      | Noticed Natasha
  1495 | D:2      | Killed Natasha
  1784 | D:2      | Found a basalt altar of Yredelemnul.
  1785 | D:2      | Found a radiant altar of Vehumet.
  2067 | D:3      | Reached skill level 6 in Fighting
  2070 | D:3      | Reached XP level 6. HP: 56/67 MP: 4/6
  2152 | D:3      | Reached *** piety under Trog
  2880 | D:3      | Noticed humperndinck's ghost (amateur GrGl)
  2893 | D:3      | Killed humperndinck's ghost
  3338 | D:3      | Found a sacrificial altar of Ru.
  3413 | D:3      | Found a snail-covered altar of Cheibriados.
  3630 | D:4      | Reached XP level 7. HP: 76/76 MP: 7/7
  3683 | D:4      | Reached skill level 7 in Fighting
  3683 | D:4      | Reached skill level 1 in Stealth
  3796 | D:4      | Reached **** piety under Trog
  3956 | D:4      | Noticed Tagedieb's ghost (amateur SpEn)
  3972 | D:4      | Killed Tagedieb's ghost
  3972 | D:4      | Reached skill level 5 in Dodging
  4040 | D:4      | Found a sand-covered staircase.
  4191 | D:4      | Reached XP level 8. HP: 67/88 MP: 6/8
  4219 | D:4      | Got an ancient hand axe
  4220 | D:4      | Identified the cursed +3 hand axe "Cekaeq" {freeze, *Corrode rPois MP+9 Stlth-} (You found it on level 4 of the Dungeon)
  4275 | D:4      | Found a burning altar of Makhleb.
  4374 | D:4      | Found an iron altar of Okawaru.
  4639 | D:4      | Reached skill level 8 in Fighting
  4847 | D:5      | Entered Level 5 of the Dungeon
  5205 | D:5      | Reached skill level 5 in Axes
  5638 | D:5      | Noticed Eustachio
  5669 | D:5      | Killed Eustachio
  5669 | D:5      | Reached skill level 9 in Fighting
  5669 | D:5      | Reached XP level 9. HP: 81/98 MP: 6/9
  6211 | D:6      | Noticed Grinder
  6228 | D:6      | Killed Grinder
  6479 | D:6      | Reached skill level 10 in Fighting
  6623 | D:6      | Noticed Menkaure
  6629 | D:6      | Killed Menkaure
  6950 | D:6      | Found Etwa's Assorted Antiques.
  7534 | D:6      | Noticed Eukament's ghost (novice GrEE)
  7562 | D:6      | Killed Eukament's ghost
  7855 | D:6      | Noticed Crazy Yiuf
  7868 | D:6      | Killed Crazy Yiuf
  8329 | D:7      | Reached skill level 11 in Fighting
  8401 | D:7      | Found a staircase to the Ecumenical Temple.
  8447 | D:7      | Reached XP level 10. HP: 112/113 MP: 10/10
  8535 | D:7      | Found Vyleg's General Store.
  8544 | D:7      | Bought a slice of pizza for 22 gold pieces
  8544 | D:7      | Bought a bread ration for 75 gold pieces
  9046 | D:8      | Paralysed by fainting for 7 turns
  9505 | D:8      | Noticed Psyche
  9512 | D:8      | Killed Psyche
  9519 | D:8      | Mangled by a two-headed ogre

Skill      XL: |  1  2  3  4  5  6  7  8  9 10 |
---------------+-------------------------------+-----
Dodging        | 3 4 5 6 7 |  7.7
Fighting       | 5 6 7 9 11 | 11.9
Axes           | 3 4 5 6 7 |  7.1
Stealth        | 1 2 |  2.7

Action                   |  1- 3 |  4- 6 |  7- 9 | 10-12 || total
-------------------------+-------+-------+-------+-------++-------
Melee: Hand axe          |    62 |   204 |    32 |       ||   298
       War axe           |       |       |   251 |    92 ||   343
Invok: Berserk           |     1 |     4 |     4 |     2 ||    11
       Trog's Hand       |       |       |     1 |       ||     1
  Use: Scroll            |       |       |     8 |       ||     8
 Stab: Paralysed         |       |     2 |       |       ||     2
       Sleeping          |       |     1 |     2 |     2 ||     5
  Eat: Chunk             |       |    12 |    16 |     5 ||    33
       Fruit             |       |     1 |       |     1 ||     2
       Bread ration      |       |       |     1 |       ||     1
Armor: Animal skin       |    19 |    53 |    52 |    17 ||   141
Dodge: Dodged            |    44 |   112 |   161 |    81 ||   398
